 Dungeon Crawl Stone Soup version 0.24-a0-170-gd8427f5 (webtiles) character file.

Game seed: 17479315876206530534

5140 Dfrag the Grappler (level 10, -8/86 HPs)
             Began as a Centaur Transmuter on Mar 9, 2019.
             Was a High Priest of Okawaru.
             Mangled by a gnoll sergeant
             ... wielding a +0 trident
              (13 damage)
             ... on level 9 of the Dungeon.
             The game lasted 00:13:05 (8820 turns).

Dfrag the Grappler (Centaur Transmuter)             Turns: 8820, Time: 00:13:06

Health: -8/86      AC: 11    Str: 16    XL:     10   Next: 33%
Magic:  18/18      EV:  8    Int: 12    God:    Okawaru [*****.]
Gold:   462        SH:  0    Dex: 13    Spells: 14/20 levels left

rFire    . . .     SeeInvis .   G - +2 shortbow (freeze)
rCold    . . .     Gourm    .   (shield currently unavailable)
rNeg     + . .     Faith    .   u - +0 ring mail of Nedont {rN+}
rPois    .         Spirit   .   f - +0 helmet
rElec    .         Reflect  .   i - +1 cloak {MR+}
rCorr    .         Harm     .   F - +2 pair of gloves
MR       +....                  (no barding)
Stlth    ..........             (no amulet)
HPRegen  0.24/turn              K - +2 ring of slaying
MPRegen  0.16/turn              s - +3 ring of dexterity

@: about to teleport, very quick
A: large, hooves 3, deformed body, speed 2, tough skin 3
a: Heroism, Finesse, Renounce Religion


You were on level 9 of the Dungeon.
You worshipped Okawaru.
Okawaru was extremely pleased with you.
You were hungry.

You visited 1 branch of the dungeon, and saw 9 of its levels.

You collected 462 gold pieces.

Inventory:

Hand Weapons
 e - a +0 short sword of venom
 w - a +3 spear
 x - a +2 spear of flaming
 G - a +2 shortbow of freezing (weapon)
Missiles
 a - 117 arrows (quivered)
 B - 47 sling bullets
Armour
 b - a +0 robe
 f - a +0 helmet (worn)
 i - a +1 cloak of magic resistance (worn)
 n - a +0 pair of gloves
 u - the +0 ring mail of Nedont (worn) {rN+}
   (You found it on level 4 of the Dungeon)

   It protects you from negative energy.
 F - a +2 pair of gloves (worn)
Jewellery
 c - a +1 ring of protection
 m - an uncursed ring of flight
 s - a +3 ring of dexterity (right hand)
 K - a +2 ring of slaying (left hand)
Wands
 z - a wand of flame (26)
 C - a wand of random effects (20)
Scrolls
 g - 6 scrolls of identify
 l - 2 scrolls of enchant weapon
 o - 3 scrolls of magic mapping
 q - 4 scrolls of amnesia
 r - 2 scrolls of noise
 D - a scroll of fog
 H - a scroll of immolation
 J - a scroll of remove curse
Potions
 h - 2 potions of agility
 j - a potion of might
 k - 3 potions of curing
 p - 2 potions of brilliance
 t - a potion of flight
 v - a potion of haste
 E - 2 potions of berserk rage
 I - a potion of heal wounds
Comestibles
 d - 18 rations


   Skills:
 - Level 7.5 Fighting
 - Level 6.2 Bows
 - Level 1.3 Dodging
 - Level 8.1 Unarmed Combat
 + Level 5.6 Spellcasting
 + Level 6.7 Transmutations


You had 14 spell levels left.
You knew the following spells:

 Your Spells              Type           Power        Failure   Level  Hunger
a - Beastly Appendage     Tmut           ###...       2%          1    None
b - Blade Hands           Tmut           ###.......   54%         5    ######.

Your spell library contained the following spells:

 Spells                   Type           Power        Failure   Level  Hunger
 Sticks to Snakes         Tmut           ###.....     3%          2    ##.....
 Spider Form              Tmut/Pois      ##........   26%         3    ###....
 Blink                    Tloc           N/A          50%         2    ##.....
 Shroud of Golubria       Chrm/Tloc      #.........   50%         2    ##.....
 Ice Form                 Ice/Tmut       ##......     65%         4    ####...
 Gell's Gravitas          Tloc           #.........   73%         3    ###....
 Lesser Beckoning         Tloc           #.........   73%         3    ###....
 Teleport Other           Tloc           #.......     73%         3    ###....
 Passage of Golubria      Tloc           N/A          98%         4    ####...


Dungeon Overview and Level Annotations

Branches:
Dungeon (9/15)             Temple (0/1) D:5
   Lair: D:8-11         Orc: D:9-12

Altars:
Cheibriados
Okawaru
Sif Muna
Xom

Shops:
D:6 :


Innate Abilities, Weirdness & Mutations

You have hooves in place of feet.
Armour fits poorly on your strangely shaped body.
You cover ground very quickly.
You have extremely tough skin. (AC +3)


Message History

The killer bee poisons you!
The centaur hits you with a +0 dire flail.
* * * LOW HITPOINT WARNING * * *
The killer bee stings you but does no damage.
As you read the scroll of teleportation, it crumbles to dust.
You feel strangely unstable.
You feel sick. The killer bee stings you.
* * * LOW HITPOINT WARNING * * *
The centaur completely misses you.
The orc wizard gestures wildly while chanting.
The orc wizard seems to speed up.
The killer bee closely misses you.
Unknown command.
Unknown command.
You feel better. The centaur barely misses you.
The killer bee barely misses you.
The killer bee stings you but does no damage.
The orc priest mumbles some strange prayers to Beogh against you.
Beogh smites you!
* * * LOW HITPOINT WARNING * * *
The gnoll sergeant hits you from afar with a +0 trident!
You die...

≈≈≈≈≈..#.....#≈≈≈..............#
≈≈≈≈≈..##[..##≈≈≈....####...g(.##
≈≈≈≈≈...'#.##≈≈≈≈....# #..o.((.(
≈≈≈≈≈....###.≈≈≈≈....# #.....(..
≈≈≈≈≈........≈≈≈≈....#+##..####..
≈≈≈≈≈........≈≈≈≈.......(..# #..
≈≈≈≈≈........≈≈≈≈..........# #..
.≈≈≈≈≈.......≈≈≈≈.(.T......# #..
................@ygoo..(.........
..............(..c...............
.≈≈≈≈≈≈......≈≈≈≈..............o
..≈≈≈≈≈.....≈≈≈≈≈....##+#.[#'##.
..≈≈≈≈≈≈....≈≈≈≈≈≈...# ..#..
...≈≈≈≈≈≈...≈≈≈≈≈≈...# .#
#..≈≈≈≈≈≈≈..≈≈≈≈≈≈≈..#
#..≈≈≈≈≈≈≈≈≈≈≈≈≈≈≈≈..#
#..≈≈≈≈≈≈≈≈≈≈≈≈≈≈≈≈≈


You could see a troll, a gnoll sergeant, a centaur, a killer bee, an orc priest
and an orc wizard.

Vanquished Creatures
  An ugly thing (D:8)
  A hornet (D:9)
  Grinder (D:3)
  3 yaks
  2 hogs (D:9)
  3 ice beasts
  A black bear (D:7)
  An orc warrior (D:9)
  2 sky beasts
  An ogre (D:6)
  4 centaurs
  A crocodile (D:9)
  A big kobold (D:8)
  6 bullfrogs
  A wyvern skeleton (D:6)
  A scorpion (D:8)
  9 killer bees (D:9)
  4 electric eels (D:9)
  3 howler monkeys (D:7)
  3 crimson imps
  A quasit (D:6)
  A centaur zombie (D:4)
  4 hounds
  A gnoll shaman (D:9)
  3 orc priests
  2 bullfrog skeletons
  2 centaur skeletons
  Crazy Yiuf (D:2)
  3 orc wizards
  7 worker ants
  A hound skeleton (D:4)
  Robin (D:2)
  7 gnolls (D:4)
  5 adders
  A shadow imp (D:8)
  An adder skeleton (D:7)
  2 worms
  3 dart slugs
  4 leopard geckos
  19 orcs
  3 giant cockroaches
  13 goblins
  12 hobgoblins
  6 jackals
  4 quokkas
  A ball python (D:6)
  9 bats
  4 frilled lizards
  4 kobolds
  A quokka skeleton (D:6)
  6 rats
  A fungus (D:2)
182 creatures vanquished.

Notes
Turn   | Place    | Note
-------+----------+-------------------------------------------
     0 | D:1      | Dfrag the Centaur Transmuter began the quest for the Orb.
     0 | D:1      | Reached XP level 1. HP: 16/16 MP: 3/3
   126 | D:1      | Reached XP level 2. HP: 16/23 MP: 4/4
   721 | D:2      | Reached XP level 3. HP: 28/29 MP: 5/5
  1286 | D:2      | Noticed Robin
  1288 | D:2      | Reached skill level 4 in Unarmed Combat
  1288 | D:2      | Reached XP level 4. HP: 27/37 MP: 6/6
  1312 | D:2      | Killed Robin
  1377 | D:2      | Found an iron altar of Okawaru.
  1391 | D:2      | Became a worshipper of Warmaster Okawaru
  1979 | D:2      | Found a runed translucent door.
  1980 | D:2      | Noticed Crazy Yiuf
  1987 | D:2      | Killed Crazy Yiuf
  1987 | D:2      | Reached XP level 5. HP: 45/45 MP: 7/7
  2510 | D:3      | Noticed Grinder
  2533 | D:3      | Killed Grinder
  2533 | D:3      | Reached * piety under Okawaru
  2533 | D:3      | Reached skill level 5 in Unarmed Combat
  2533 | D:3      | Reached XP level 6. HP: 31/53 MP: 8/8
  3265 | D:4      | Got a fine ring mail
  3276 | D:4      | Identified the +0 ring mail of Nedont {rN+} (You found it
                  | on level 4 of the Dungeon)
  3324 | D:4      | Reached skill level 5 in Fighting
  3517 | D:4      | Reached skill level 6 in Unarmed Combat
  3766 | D:4      | Reached XP level 7. HP: 44/61 MP: 9/9
  4065 | D:5      | Entered Level 5 of the Dungeon
  4284 | D:5      | Found a staircase to the Ecumenical Temple.
  4828 | D:6      | Reached ** piety under Okawaru
  4881 | D:6      | Reached skill level 7 in Unarmed Combat
  5088 | D:6      | Found Ysin's Book Boutique.
  5140 | D:6      | Found a deep blue altar of Sif Muna.
  5231 | D:6      | Reached XP level 8. HP: 55/71 MP: 10/10
  5631 | D:6      | Reached *** piety under Okawaru
  5678 | D:6      | Found a snail-covered altar of Cheibriados.
  5692 | D:6      | Reached skill level 8 in Unarmed Combat
  6011 | D:7      | Reached skill level 1 in Bows
  6383 | D:7      | Reached skill level 5 in Bows
  6399 | D:7      | Received a gift from Okawaru
  6937 | D:7      | Reached XP level 9. HP: 53/79 MP: 11/11
  7008 | D:8      | Found a shimmering altar of Xom.
  7009 | D:8      | Found a shimmering altar of Xom.
  7009 | D:8      | Found a shimmering altar of Xom.
  7010 | D:8      | Found a shimmering altar of Xom.
  7121 | D:8      | Found a shimmering altar of Xom.
  7125 | D:8      | Noticed a polar bear
  7160 | D:8      | Noticed a moth of wrath
  7501 | D:9      | Reached **** piety under Okawaru
  7642 | D:9      | Received a gift from Okawaru
  7713 | D:9      | Reached skill level 5 in Transmutations
  7805 | D:9      | Reached ***** piety under Okawaru
  7847 | D:9      | Learned a level 5 spell: Blade Hands
  7869 | D:9      | Reached XP level 10. HP: 21/86 MP: 15/17
  8208 | D:9      | Reached skill level 5 in Spellcasting
  8246 | D:9      | Noticed a white ugly thing
  8399 | D:8      | HP: 4/86 [white ugly thing (21)]
  8409 | D:8      | Noticed a mana viper
  8413 | D:8      | a mana viper changed into a snapping turtle
  8452 | D:8      | Killed a white ugly thing
  8813 | D:9      | Received a gift from Okawaru
  8820 | D:9      | Mangled by a gnoll sergeant

Levels and vault maps discovered:
D:1:      co_arrival_random_square_maze, layout_basic
D:2:      cheibrodos_pilgrimage, layout_loops_ring, okawaru_trees_2,
          uniq_crazy_yiuf_cottage, uniq_robin
D:3:      layout_basic, uniq_grinder
D:4:      layout_cave_pools, first_ration
D:5:      layout_gridville, minmay_temple_entry_stoned_glass
D:6:      layout_basic, led_sif_pool, serial_shops, shop, serial_corexii_hall,
          corexii_hall_statues_i, corexii_hall_statues_x,
          cheibrodos_worm_habitat
D:7:      layout_basic
D:8:      layout_rooms, blue_anna_alchemist [blue_anna_fruit_fields,
          blue_anna_fruit_fields], xom_shifter_show
D:9:      kennysheep_town, uniq_erica

Skill      XL: |  1  2  3  4  5  6  7  8  9 10 |
---------------+-------------------------------+-----
Fighting       | 2 3 4 5 6 7 |  7.5
Unarmed Combat | 4 5 6 7 8 |  8.1
Bows           | 6 |  6.2
Transmutations | 2 5 6 |  6.7
Spellcasting   | 4 5 |  5.6
Dodging        | |  1.3

Action                   |  1- 3 |  4- 6 |  7- 9 | 10-12 || total
-------------------------+-------+-------+-------+-------++-------
Melee: Unarmed           |    70 |       |       |       ||    70
       Kick              |    22 |    30 |    98 |     6 ||   156
       Short sword       |    18 |   139 |   278 |     4 ||   439
       Punch             |       |     7 |    13 |       ||    20
       Spear             |       |     9 |    34 |    12 ||    55
 Fire: Shortbow          |       |       |    53 |    67 ||   120
Evoke: Wand              |       |       |     1 |     5 ||     6
  Use: Potion            |     4 |       |       |     1 ||     5
       Scroll            |       |       |    12 |     1 ||    13
  Eat: Chunk             |       |     7 |    11 |     2 ||    20
Armor: Robe              |    31 |    48 |       |       ||    79
       Ring mail         |       |    15 |   192 |    24 ||   231
Dodge: Dodged            |    29 |    79 |   133 |    27 ||   268

Table legend:
 A = Non-vault XP
 B = Vault XP
 C = Vault XP percentage of total XP
 D = Non-vault monster count
 E = Vault monster count
 F = Vault count percentage of total count
                 A         B        C        D         E       F
            +---------+---------+-------+---------+---------+-------
      Total |    5293 |    2050 |  27.9 |     145 |      36 |  19.9
            +---------+---------+-------+---------+---------+-------
        D:1 |      38 |       0 |   0.0 |      20 |       0 |   0.0
        D:2 |      41 |     134 |  76.6 |      13 |      20 |  60.6
        D:3 |      51 |     267 |  84.0 |      24 |       1 |   4.0
        D:4 |     273 |       0 |   0.0 |      14 |       0 |   0.0
        D:5 |     265 |       0 |   0.0 |       9 |       0 |   0.0
        D:6 |    1029 |       5 |   0.5 |      21 |       1 |   4.5
        D:7 |     814 |       0 |   0.0 |      14 |       0 |   0.0
        D:8 |     705 |     518 |  42.4 |       5 |       3 |  37.5
        D:9 |    2077 |    1126 |  35.2 |      25 |      11 |  30.6
            +---------+---------+-------+---------+---------+-------
